cohdb
Replays
Latest Replays
All Replays
Popular Replays
Top Player Replays
Match Explorer
How It Works
Community
CoH3 Stats
Reddit
Sign in to upload your games and track your stats! →
Sign in with Steam
Match 45192157
Unlisted
Match 45192157
Overview
Messages
Build Orders
End
Vickers Machine Gun Team
Construct Section Command Post
Infantry Section
Infantry Section
Grenade Package
Selects Air and Sea Battlegroup
Infantry Section
Construct Platoon Command Post
Infantry Section
Royal Engineer Section
Selects Supply Surplus
Construct Resource Cache
Construct Field Infirmary
Forward Retreat Point
6-pounder Anti-tank Gun Team
Construct Resource Cache
Team Weapon Training
Forward Retreat Point
Selects Commando Section Paradrop
Selects M1 Pack Howitzer Paradrop
Construct Resource Cache
Infantry Training
Construct Company Command Post
Armored Vehicle Training
Locöö
PiffaWiff
JVM
starmrak
General Kenobi
kILLA_kAN
TheNounou
CaptainProlo
0
0
Comments
sign in to comment!
No comments posted yet!